 Dungeon Crawl Stone Soup version 0.23.0 (webtiles) character file.

Game seed: 14648170798239675790

544914 Nuz the Slayer (level 24, -7/214 HPs)
             Began as a Minotaur Fighter on Feb 10, 2019.
             Was the Champion of Okawaru.
             Mangled by an enormous slime creature (48 damage)
             ... on level 1 of the Pits of Slime.
             The game lasted 02:23:21 (48678 turns).

Nuz the Slayer (Minotaur Fighter)                  Turns: 48678, Time: 02:23:22

Health: -7/214     AC: 35    Str: 32    XL:     24   Next: 26%
Magic:  23/28      EV: 22    Int:  5    God:    Okawaru [******]
Gold:   5260       SH: 32    Dex: 20    Spells: 23/23 levels left

rFire    . . .     SeeInvis +   D - +8 broad axe of Okawaru's Benevolence {freeze, rElec rN+ Dex+2 Stlth-}
rCold    + + .     Gourm    .   Z - +1 large shield {reflect}
rNeg     + + .     Faith    .   a - +4 plate armour {rC+}
rPois    +         Spirit   .   K - +0 hat of Nobility {rElec Slay+2}
rElec    +         Reflect  +   X - +2 cloak
rCorr    .         Harm     .   j - +2 pair of gloves {Dex+3}
MR       ++...                  V - +0 pair of boots "Togoezue" {rElec rN+}
Stlth    ..........             t - +5 amulet of reflection
HPRegen  0.45/turn              r - ring "Xehiyk" {rC+ Str+6 Stlth+}
MPRegen  0.21/turn              g - ring "Jebejim" {rPois MR+ SInv}

@: finesse
A: retaliatory headbutt, horns 2, icy blue scales 1, blurry vision 1, dopey 1,
frail 1, screaming 1
}: 4/15 runes: decaying, serpentine, silver, abyssal
a: Heroism, Finesse, Renounce Religion


You were on level 1 of the Pits of Slime.
You worshipped Okawaru.
Okawaru was exalted by your worship.
You were not hungry.

You visited 9 branches of the dungeon, and saw 41 of its levels.
You visited the Abyss 2 times.
You also visited: Sewer, Ossuary, Ice Cave, Volcano and Wizlab.

You collected 6878 gold pieces.
You spent 1618 gold pieces at shops.

Inventory:

Hand Weapons
 A - the +11 mace of Ru {flame, rElec Str+8 Dex+2}
   (You found it on level 7 of the Dungeon)

   It has been specially enchanted to burn those struck by it, causing extra
   injury to most foes and up to half again as much damage against particularly
   susceptible opponents.
   It affects your strength (+8).
   It affects your dexterity (+2).
   It insulates you from electricity.
 D - the +8 broad axe of Okawaru's Benevolence (weapon) {freeze, rElec rN+ Dex+2 Stlth-}
   (Okawaru gifted it to you on level 1 of the Swamp)

   It has been specially enchanted to freeze those struck by it, causing extra
   injury to most foes and up to half again as much damage against particularly
   susceptible opponents.
   It can also slow down cold-blooded creatures.
   It affects your dexterity (+2).
   It insulates you from electricity.
   It protects you from negative energy.
   It makes you less stealthy.
Missiles
 J - a throwing net
 Q - 14 poisoned javelins (quivered)
Armour
 a - a +4 plate armour of cold resistance (worn)
 j - a +2 pair of gloves of dexterity (worn)
 K - the +0 hat of Nobility (worn) {rElec Slay+2}
   (Okawaru gifted it to you on level 10 of the Dungeon)

   It affects your accuracy and damage with ranged weapons and melee attacks
   (+2).
   It insulates you from electricity.
 V - the +0 pair of boots "Togoezue" (worn) {rElec rN+}
   (Okawaru gifted it to you on level 12 of the Dungeon)

   It insulates you from electricity.
   It protects you from negative energy.
 X - a +2 cloak (worn)
 Z - a +1 large shield of reflection (worn)
Jewellery
 e - the ring "Amappad" {+Blink rF+ Dex-2 Slay+2}
   (You found it in a wizard's laboratory)

   [ring of protection from fire]

   It affects your dexterity (-2).
   It affects your accuracy and damage with ranged weapons and melee attacks
   (+2).
   It protects you from fire.
   It lets you blink.
 g - the ring "Jebejim" (right hand) {rPois MR+ SInv}
   (You found it in a wizard's laboratory)

   [ring of protection from magic]

   It protects you from poison.
   It affects your resistance to hostile enchantments.
   It lets you see invisible.
 r - the ring "Xehiyk" (left hand) {rC+ Str+6 Stlth+}
   (You found it on level 3 of the Elven Halls)

   [ring of protection from cold]

   It affects your strength (+6).
   It protects you from cold.
   It makes you more stealthy.
 t - a +5 amulet of reflection (around neck)
 S - the ring "Atret" {rF+ Dex+4}
   (You took it off a deep elf mage on level 3 of the Elven Halls)

   [ring of protection from fire]

   It affects your dexterity (+4).
   It protects you from fire.
Wands
 v - a wand of iceblast (46)
 F - a wand of clouds (10)
 M - a wand of acid (39)
 O - a wand of paralysis (14)
 P - a wand of scattershot (6)
 W - a wand of digging (21)
Scrolls
 b - 7 scrolls of magic mapping
 i - 6 scrolls of summoning
 k - a scroll of enchant weapon
 m - 17 scrolls of remove curse {@r2}
 p - 3 scrolls of fear
 u - 2 scrolls of enchant armour
 y - 12 scrolls of identify {@r1}
 z - 2 scrolls of holy word
 C - 3 scrolls of vulnerability
 E - 7 scrolls of blinking
 H - 8 scrolls of fog
 I - 15 scrolls of teleportation
Potions
 c - 3 potions of mutation
 d - 12 potions of might
 l - 6 potions of berserk rage
 n - 8 potions of lignification
 o - 7 potions of cancellation
 q - 12 potions of heal wounds
 s - 4 potions of resistance
 w - 5 potions of agility
 x - 5 potions of flight
 B - 22 potions of curing {@q1}
 G - 6 potions of ambrosia
 L - 4 potions of haste
 N - 6 potions of magic
 T - 5 potions of brilliance
 Y - 3 potions of invisibility
Comestibles
 f - 90 rations


   Skills:
 * Level 24.1 Fighting
 - Level 16.5(18.0) Axes
 - Level 12.6(16.0) Maces & Flails
 + Level 21.5 Armour
 + Level 19.4 Dodging
 * Level 22.2 Shields
 - Level 9.0 Invocations
 - Level 8.0 Evocations


You had 23 spell levels left.
You didn't know any spells.
Your spell library contained the following spells:

 Spells                   Type           Power        Failure   Level  Hunger
 Animate Skeleton         Necr           N/A          95%         1    ##.....
 Apportation              Tloc           #.....       95%         1    ##.....
 Beastly Appendage        Tmut           #.....       95%         1    ##.....
 Confusing Touch          Hex            #.....       95%         1    ##.....
 Corona                   Hex            #......      95%         1    ##.....
 Infusion                 Chrm           #...         95%         1    ##.....
 Pain                     Necr           #...         95%         1    ##.....
 Shock                    Conj/Air       #...         95%         1    ##.....
 Sting                    Conj/Pois      #...         95%         1    ##.....
 Summon Butterflies       Summ           #.......     95%         1    ##.....
 Summon Small Mammal      Summ           #...         95%         1    ##.....
 Poisonous Vapours        Pois/Air       #.....       99%         2    ###....
 Shroud of Golubria       Chrm/Tloc      #.........   99%         2    ###....
 Slow                     Hex            #.......     99%         2    ###....
 Song of Slaying          Chrm           #.......     99%         2    ###....
 Sticks to Snakes         Tmut           #.......     99%         2    ###....
 Sublimation of Blood     Necr           #.........   99%         2    ###....
 Swiftness                Chrm/Air       #.......     99%         2    ###....
 Confuse                  Hex            #.......     100%        3    ####...
 Conjure Flame            Conj/Fire      #.......     100%        3    ####...
 Gell's Gravitas          Tloc           #.........   100%        3    ####...
 Inner Flame              Hex/Fire       #.......     100%        3    ####...
 Lesser Beckoning         Tloc           #.........   100%        3    ####...
 Mephitic Cloud           Conj/Pois/Air  #.......     100%        3    ####...
 Portal Projectile        Hex/Tloc       #.....       100%        3    ####...
 Recall                   Summ/Tloc      N/A          100%        3    ####...
 Regeneration             Chrm/Necr      #.........   100%        3    ####...
 Spectral Weapon          Hex/Chrm       #.......     100%        3    ####...
 Spider Form              Tmut/Pois      #.........   100%        3    ####...
 Static Discharge         Conj/Air       #.......     100%        3    ####...
 Summon Guardian Golem    Hex/Summ       #.......     100%        3    ####...
 Tukima's Dance           Hex            #.......     100%        3    ####...
 Vampiric Draining        Necr           #.........   100%        3    ####...
 Airstrike                Air            #.........   100%        4    #####..
 Animate Dead             Necr           N/A          100%        4    #####..
 Cause Fear               Hex            #.........   100%        4    #####..
 Fulminant Prism          Conj/Hex       #.........   100%        4    #####..
 Ice Form                 Ice/Tmut       #.......     100%        4    #####..
 Leda's Liquefaction      Hex/Erth       #.........   100%        4    #####..
 Olgreb's Toxic Radiance  Pois           #.......     100%        4    #####..
 Passage of Golubria      Tloc           N/A          100%        4    #####..
 Petrify                  Tmut/Erth      #.......     100%        4    #####..
 Alistair's Intoxication  Tmut/Pois      #.......     100%        5    ######.
 Aura of Abjuration       Summ           #.........   100%        5    ######.
 Blade Hands              Tmut           #.........   100%        5    ######.
 Bolt of Magma            Conj/Fire/Erth #.........   100%        5    ######.
 Borgnjor's Vile Clutch   Necr/Erth      #.........   100%        5    ######.
 Dispel Undead            Necr           #.......     100%        5    ######.
 Iskenderun's Battlesphe  Conj/Chrm      #.......     100%        5    ######.
 Lightning Bolt           Conj/Air       #.........   100%        5    ######.
 Metabolic Englaciation   Hex/Ice        #.........   100%        5    ######.
 Silence                  Hex/Air        #.........   100%        5    ######.
 Summon Demon             Summ           #.........   100%        5    ######.
 Summon Forest            Summ/Tloc      #.........   100%        5    ######.
 Summon Mana Viper        Hex/Summ       #.......     100%        5    ######.
 Venom Bolt               Conj/Pois      #.........   100%        5    ######.
 Yara's Violent Unravell  Hex/Tmut       #.........   100%        5    ######.
 Death Channel            Necr           #.........   100%        6    #######
 Deflect Missiles         Chrm/Air       #.........   100%        6    #######
 Dispersal                Tloc           #.........   100%        6    #######
 Freezing Cloud           Conj/Ice/Air   #.........   100%        6    #######
 Invisibility             Hex            #.......     100%        6    #######
 Iron Shot                Conj/Erth      #.........   100%        6    #######
 Ozocubu's Refrigeration  Ice            #.........   100%        6    #######
 Shadow Creatures         Summ           N/A          100%        6    #######
 Simulacrum               Ice/Necr       #.........   100%        6    #######
 Malign Gateway           Summ/Tloc      #.........   100%        7    #######
 Monstrous Menagerie      Summ           #.........   100%        7    #######
 Orb of Destruction       Conj           #.........   100%        7    #######
 Ring of Flames           Chrm/Fire      #.........   100%        7    #######
 Spellforged Servitor     Conj/Summ      #.........   100%        7    #######
 Summon Greater Demon     Summ           #.........   100%        7    #######
 Discord                  Hex            #.........   100%        8    #######
 Summon Horrible Things   Summ           #.........   100%        8    #######


Dungeon Overview and Level Annotations

Branches:
Dungeon (15/15)            Temple (1/1) D:5            Lair (6/6) D:11
  Swamp (4/4) Lair:4        Snake (4/4) Lair:3        Slime (1/5) Lair:5
    Orc (2/2) D:10            Elf (3/3) Orc:2        Vaults (5/5) D:14
  Crypt (0/3) Vaults:3     Depths (0/5) D:15

Altars:
Ashenzari
Cheibriados
Dithmenos
Elyvilon
Fedhas
Gozag
Hepliaklqana
Kikubaaqudgha
Makhleb
Nemelex Xobeh
Okawaru
Qazlal
Ru
Sif Muna
Trog
Uskayaw
Vehumet
Wu Jian
Xom
Yredelemnul
Zin
The Shining One
Beogh
Jiyva

Shops:
Orc:2 [**(   Elf:1 =   Elf:2 =}}   Snake:2 :=%(   Vaults:2 %   Vaults:3 (*%


Innate Abilities, Weirdness & Mutations

You reflexively headbutt those who attack you in melee.
You have a pair of horns on your head.
You are partially covered in icy blue scales. (AC +2)
Scrolls take you a little longer to read.
You are dopey. (Int -2)
You are frail. (-10% HP)
You occasionally shout uncontrollably at your foes.


Message History

You're too confused!
You feel better.
The golden eye blinks!
A slime creature comes into view.
You block the slime creature's attack. You block the azure jelly's attack.
The azure jelly hits you but does no damage.
You block the azure jelly's attack. The azure jelly barely misses you.
The enormous slime creature hits you!!
* * * LOW HITPOINT WARNING * * *
The golden eye blinks at you. You resist with almost no effort.
You can now deal lightning-fast blows.
The golden eye blinks at you. You resist with almost no effort.
You block the azure jelly's attack. x2
The azure jelly hits you.
* * * LOW HITPOINT WARNING * * *
The azure jelly hits you but does no damage.
Two slime creatures merge to form a large slime creature.
The slime creature hits you but does no damage.
The enormous slime creature hits you!!!
You die...

# ## ### ##
#.#.####.#######.##.
......#....##.#......
............G.....#
.....#..<...JJ..###
........G.JJJ@..#
..........#.G....#
##........#..G..#.#
#........##........#
.......J..........##
..##.#..G.......### .
......>.......
..............##


You could see an azure jelly, an enormous slime creature, a large slime
creature, 2 slime creatures, 2 shining eyes and 2 golden eyes.

Vanquished Creatures
  The ghost of Mayja the Impregnable, a veteran DDBe of Trog (Elf:2)
  Xtahua (Vaults:4)
  Frederick (Vaults:4)
  Margery (Vaults:3)
  Saint Roka (Snake:3)
  Vashnia (Snake:2)
  Nikola (Swamp:2)
  3 golden dragons (Vaults:5)
  The ghost of abarbat the Executioner, an adept MiBe of Trog (Vaults:2)
  2 liches
  A moon troll (WizLab)
  Rupert (D:15)
  Asterion (Vaults:3)
  5 titans (Vaults:5)
  2 deep elf master archers (Elf:3)
  6 deep elf blademasters
  4 quicksilver dragons
  The ghost of DavidChitty2 the Severer, an adept HOFi of Beogh (Snake:4)
  4 sphinxes
  Gastronok (Lair:1)
  12 tentacled starspawn
  A thorn hunter (Swamp:2)
  7 storm dragons
  Agnes (Elf:2)
  Kirke (Lair:4)
  3 tengu reavers (Vaults:5)
  4 shadow dragons (Vaults:5)
  8 nagarajas (Snake:4)
  2 fire giants
  9 deep elf sorcerers
  20 vault wardens
  3 frost giants
  3 cacodemons (WizLab)
  An iron dragon (Vaults:5)
  The ghost of swinepaste the Fencer, a journeyman DsMo of Wu Jian (Swamp:2)
  Louise (Snake:2)
  6 deep elf elementalists
  A war gargoyle (Vaults:5)
  10 very ugly things
  21 stone giants
  3 entropy weavers (Vaults:3)
  15 ironheart preservers
  The ghost of feelmyfire the Impaler, a journeyman MfGl of Uskayaw (Lair:5)
  A dire elephant (D:15)
  5 deep elf demonologists
  5 deep elf annihilators
  Azrael (Snake:1)
  The ghost of Archangeltyr the Basher, a journeyman DrFi of the Shining One (Lair:3)
  5 deep elf death magi
  3 fire dragons
  A crystal guardian (WizLab)
  Snorg (D:14)
  3 ettins (Vaults:5)
  A death ooze (Lair:5)
  5 deep elf high priests
  The ghost of Hiezim the Thaumaturge, a journeyman DECj of Vehumet (Lair:6)
  7 great orbs of eyes
  Josephine (Snake:1)
  5 yaktaur captains
  5 ice dragons
  2 rakshasas
  30 hydras
  35 vault guards
  12 naga warriors
  3 centaur warriors
  7 shambling mangroves
  A death knight (Vaults:4)
  24 anacondas
  A ghost crab (Swamp:3)
  A catoblepas (D:14)
  Erica (D:8)
  A deep troll shaman (Vaults:3)
  47 two-headed ogres
  24 dancing weapons
  20 alligators
  16 ogre magi
  2 death yaks (Lair:6)
  A tengu warrior (D:14)
  A small abomination (Elf:3)
  3 deep troll earth magi (Vaults:3)
  A hell hog (Volcano)
  11 naga sharpshooters
  2 shock serpents
  3 hell knights
  Sonja (D:11)
  24 deep elf knights
  A fire crab (Volcano)
  5 salamander mystics
  The ghost of TheNamelessOne the Frost Mage, a novice OpIE of Vehumet (D:12)
  A spatial maelstrom (Abyss:3)
  A shadow wraith (Abyss:3)
  An orange crystal statue (WizLab)
  3 wretched stars
  4 skeletal warriors (D:13)
  2 spriggan druids
  An unseen horror (shapeshifter) (Vaults:5)
  4 unseen horrors
  8 glowing orange brains
  A storm dragon skeleton (Abyss:3)
  10 naga ritualists
  9 deep trolls
  10 deep elf archers
  3 flayed ghosts
  A shadow dragon zombie (Abyss:3)
  15 swamp dragons
  4 wizards
  2 necromancers
  A harpy (shapeshifter) (Vaults:1)
  18 ironbrand convokers
  7 phantasmal warriors
  68 deep elf magi
  4 harpies
  2 manticores (D:15)
  10 orc knights
  8 mana vipers
  27 ugly things
  A wolf spider (shapeshifter) (Vaults:5)
  3 orc sorcerers
  16 salamanders
  A faun (shapeshifter) (D:14)
  A moth of wrath (Elf:2)
  7 wolf spiders
  10 cyclopes
  Maurice (D:13)
  17 elephants
  An elephant (shapeshifter) (Elf:1)
  3 ice statues (IceCv)
  36 black mambas
  A water nymph (shapeshifter) (Vaults:2)
  4 eyes of devastation (WizLab)
  3 gargoyles
  12 vault sentinels
  14 guardian serpents
  2 molten gargoyles (Volcano)
  15 naga magi
  A torpor snail (Lair:6)
  A spiny frog (shapeshifter) (Elf:1)
  16 spiny frogs
  42 yaktaurs
  An efreet (D:14)
  4 komodo dragons
  2 hellwings (Abyss:3)
  9 freezing wraiths
  A yaktaur (shapeshifter) (Vaults:1)
  9 trolls
  3 meliai (Abyss:3)
  2 queen bees (shapeshifter)
  A polar bear (shapeshifter) (Vaults:3)
  A tengu conjurer (D:14)
  A tengu simulacrum (Vaults:3)
  A meliai (shapeshifter) (D:15)
  19 hornets
  A queen bee (Abyss:3)
  8 bog bodies
  9 tyrant leeches
  A large abomination (Abyss:3)
  A blink frog (shapeshifter) (Vaults:1)
  2 raiju (Abyss:3)
  6 dream sheep
  40 slime creatures
  16 blink frogs
  A stone giant simulacrum (Vaults:1)
  10 hippogriffs
  4 redbacks (Vaults:3)
  3 spriggans
  A shadow (D:15)
  3 water elementals
  2 vampires (D:12)
  3 air elementals
  2 spriggans (shapeshifter)
  A wyvern (shapeshifter) (Vaults:2)
  A tarantella (Vaults:3)
  A wyvern (D:10)
  4 fire elementals
  10 wraiths
  11 yaks
  A human (D:7)
  12 fire bats (Volcano)
  2 hungry ghosts
  3 neqoxecs
  9 hogs
  A human (shapeshifter) (D:15)
  5 basilisks
  2 golden eyes (Slime:1)
  13 vampire mosquitoes
  3 steam dragons
  A chaos spawn (Abyss:3)
  42 nagas
  2 human simulacra (Vaults:1)
  A soldier ant (shapeshifter) (Vaults:2)
  14 swamp worms
  3 wargs
  7 insubstantial wisps
  4 acid dragons
  An ogre zombie (Vaults:1)
  11 water moccasins
  6 hell hounds (Snake:1)
  4 porcupines
  A porcupine (shapeshifter) (Vaults:5)
  18 swamp drakes
  A black bear (shapeshifter) (Vaults:1)
  5 black bears
  34 orc warriors
  3 eyes of draining
  11 ice beasts
  A phantom (D:13)
  A necrophage (D:10)
  An eye of draining (shapeshifter) (Vaults:5)
  2 sky beasts
  64 ogres
  15 wolves
  7 boggarts
  A crocodile (shapeshifter) (Elf:2)
  15 crocodiles
  7 centaurs
  3 big kobolds
  21 bullfrogs
  A bullfrog (shapeshifter) (Vaults:3)
  5 earth elementals
  A wyvern skeleton (D:13)
  3 scorpions
  15 killer bees
  7 wights
  A howler monkey (D:9)
  An electric eel (D:15)
  5 crimson imps
  6 lava snakes (Volcano)
  25 starcursed masses (WizLab)
  2 bullfrog zombies
  4 centaur zombies
  2 quasits
  8 jellies
  15 orc priests
  8 centaur skeletons
  5 hounds
  25 orc wizards
  Crazy Yiuf (D:7)
  3 bullfrog skeletons
  6 iguanas
  17 worker ants
  A killer bee zombie (D:5)
  A hound skeleton (D:9)
  13 adders
  A river rat (D:5)
  3 shadow imps
  5 oozes
  An adder skeleton (D:5)
  An adder zombie (D:9)
  3 worms
  3 dart slugs
  7 leopard geckos
  114 orcs
  6 bats
  4 giant cockroaches
  14 goblins
  5 hobgoblins
  18 jackals
  6 quokkas
  4 ball pythons
  2 ball python skeletons (Ossuary)
  7 frilled lizards
  3 hobgoblin zombies (Ossuary)
  A jackal skeleton (D:5)
  24 kobolds
  A kobold zombie (Ossuary)
  2 orc skeletons
  11 rats
  2 butterflies (Lair:5)
  3 crawling corpses (Elf:3)
  13 starspawn tentacles
1936 creatures vanquished.

Vanquished Creatures (others)
  A deep elf master archer (Elf:2)
  3 yaktaur captains
  A centaur warrior (Vaults:2)
  A naga sharpshooter (Snake:3)
  A shadow wraith (Vaults:4)
  4 deep elf archers
  2 deep elf magi
  12 yaktaurs
  3 hornets (Swamp:3)
  A tyrant leech (Swamp:2)
  A human (Lair:4)
  2 insubstantial wisps (Swamp:3)
  A naga (Snake:4)
  A swamp drake (Swamp:2)
  A centaur (D:14)
  An orc (D:10)
  2 kobolds (D:10)
  A demonic plant (WizLab)
  3 fungi
  5 plants (Lair:6)
  10 starspawn tentacles
57 creatures vanquished.

Grand Total: 1993 creatures vanquished

Notes
Turn   | Place    | Note
-------+----------+-------------------------------------------
     0 | D:1      | Nuz the Minotaur Fighter began the quest for the Orb.
     0 | D:1      | Reached XP level 1. HP: 19/19 MP: 0/0
    67 | D:1      | Reached XP level 2. HP: 22/27 MP: 1/1
   153 | D:1      | Reached skill level 4 in Fighting
   677 | D:2      | Reached XP level 3. HP: 29/33 MP: 2/2
   893 | D:2      | Found a hazy altar of Hepliaklqana.
   962 | D:2      | Found a shimmering altar of Xom.
   986 | D:2      | Reached XP level 4. HP: 26/41 MP: 3/3
  1267 | D:2      | Found a white marble altar of Elyvilon.
  1793 | D:3      | Reached XP level 5. HP: 35/47 MP: 4/4
  1839 | D:3      | Identified the Tome of Unholy Arts
  2011 | D:4      | Reached skill level 5 in Fighting
  2011 | D:4      | Reached skill level 5 in Shields
  2022 | D:4      | Reached skill level 5 in Axes
  2058 | D:4      | Noticed an ogre
  2144 | D:4      | Killed an ogre
  2144 | D:4      | Reached XP level 6. HP: 56/56 MP: 5/5
  2432 | D:4      | Found a shattered altar of Ashenzari.
  2619 | D:4      | Found a snail-covered altar of Cheibriados.
  2657 | D:4      | Got a brightly glowing arbalest
  2987 | D:5      | Entered Level 5 of the Dungeon
  2994 | D:5      | Reached XP level 7. HP: 62/62 MP: 6/6
  2999 | D:5      | Reached skill level 6 in Fighting
  3347 | D:5      | Found a staircase to the Ecumenical Temple.
  3353 | Temple   | Entered the Ecumenical Temple
  3625 | Temple   | Became a worshipper of Warmaster Okawaru
  3720 | D:5      | Found a glowing drain.
  3734 | Sewer    | Entered a sewer
  4017 | D:6      | Reached XP level 8. HP: 66/71 MP: 7/7
  4166 | D:6      | Reached skill level 7 in Fighting
  4380 | D:6      | Reached * piety under Okawaru
  4435 | D:6      | Found an ancient bone altar of Kikubaaqudgha.
  5128 | D:7      | Found a sand-covered staircase.
  5135 | Ossuary  | Entered an ossuary
  5217 | Ossuary  | Noticed a flying skull
  5332 | Ossuary  | Noticed a flying skull
  5366 | Ossuary  | Noticed a flying skull
  5411 | Ossuary  | Reached skill level 5 in Armour
  5617 | D:7      | Reached ** piety under Okawaru
  5617 | D:7      | Reached XP level 9. HP: 64/81 MP: 6/8
  5848 | D:7      | Reached skill level 8 in Fighting
  5848 | D:7      | Reached skill level 10 in Axes
  6060 | D:7      | Found an opulent altar of Gozag.
  6102 | D:7      | Found a runed translucent door.
  6103 | D:7      | Noticed Crazy Yiuf
  6107 | D:7      | Killed Crazy Yiuf
  6112 | D:7      | Got a scorched mace
  6113 | D:7      | Identified the +11 mace of Ru {flame, rElec Str+8 Dex+2}
                  | (You found it on level 7 of the Dungeon)
  6205 | D:8      | Noticed Erica
  6411 | D:8      | Reached *** piety under Okawaru
  6411 | D:8      | Reached skill level 1 in Maces & Flails
  6607 | D:8      | Reached skill level 1 in Dodging
  6823 | D:8      | Killed Erica
  6823 | D:8      | Reached skill level 9 in Fighting
  6823 | D:8      | Reached XP level 10. HP: 87/91 MP: 7/9
  7583 | D:9      | Reached **** piety under Okawaru
  7910 | D:9      | Found a glowing golden altar of the Shining One.
  7912 | D:9      | Noticed an angel
  7926 | D:9      | Found a basalt altar of Yredelemnul.
  7928 | D:9      | Noticed a profane servitor
  8125 | D:10     | Entered Level 10 of the Dungeon
  8265 | D:10     | Reached skill level 1 in Invocations
  8670 | D:10     | Noticed a two-headed ogre
  8752 | D:10     | Killed a two-headed ogre
  8752 | D:10     | Reached ***** piety under Okawaru
  8752 | D:10     | Reached skill level 10 in Fighting
  8752 | D:10     | Reached skill level 5 in Maces & Flails
  8752 | D:10     | Reached skill level 10 in Shields
  8775 | D:10     | Received a gift from Okawaru
  8881 | D:10     | Reached XP level 11. HP: 99/100 MP: 11/11
  8920 | D:10     | Found a staircase to the Orcish Mines.
  9292 | D:11     | Found a roughly hewn altar of Beogh.
  9391 | D:11     | Noticed a white ugly thing
  9403 | D:11     | Killed a white ugly thing
  9516 | D:11     | Got a twisted scale mail
  9580 | D:11     | Noticed Sonja
  9627 | D:11     | Found an iron altar of Okawaru.
  9649 | D:11     | Found a staircase to the Lair.
  9723 | D:11     | Killed Sonja
 10137 | D:12     | Reached skill level 11 in Fighting
 10219 | D:12     | Found a large runed translucent door.
 10219 | D:12     | Found a large runed translucent door.
 10342 | D:12     | Received a gift from Okawaru
 10352 | D:12     | Got a pair of polished boots {god gift}
 10358 | D:12     | Identified the +0 pair of boots "Togoezue" {rElec rN+}
                  | (Okawaru gifted it to you on level 12 of the Dungeon)
 10417 | D:12     | Found a runed translucent door.
 10427 | D:12     | Noticed TheNamelessOne's ghost (novice OpIE)
 10435 | D:12     | Killed TheNamelessOne's ghost
 10716 | D:12     | Reached skill level 10 in Armour
 11002 | D:12     | Identified the +2 scale mail "Huynnaps" {Dex+3 Slay+2} (You
                  | found it on level 11 of the Dungeon)
 11106 | D:13     | Noticed a skeletal warrior
 11114 | D:13     | Noticed a skeletal warrior
 11119 | D:13     | Noticed an eight-headed hydra
 11122 | D:13     | Killed a skeletal warrior
 11130 | D:13     | Killed an eight-headed hydra
 11130 | D:13     | Reached XP level 12. HP: 75/110 MP: 11/14
 11285 | D:13     | Noticed an eight-headed hydra
 11289 | D:13     | Killed an eight-headed hydra
 11289 | D:13     | Reached skill level 5 in Invocations
 11497 | D:13     | Noticed a seven-headed hydra
 11503 | D:13     | Killed a seven-headed hydra
 11623 | D:13     | Noticed Maurice
 11635 | D:13     | Killed Maurice
 12101 | D:14     | Noticed a tengu warrior
 12110 | D:14     | Killed a tengu warrior
 12110 | D:14     | Reached skill level 12 in Fighting
 12128 | D:14     | Received a gift from Okawaru
 12315 | D:14     | Noticed Snorg
 12325 | D:14     | Killed Snorg
 12458 | D:14     | Noticed a seven-headed hydra
 12464 | D:14     | Killed a seven-headed hydra
 12656 | D:14     | Noticed a two-headed ogre
 12663 | D:14     | Killed a two-headed ogre
 12663 | D:14     | Reached skill level 5 in Dodging
 12725 | D:14     | Found a sparkling altar of Nemelex Xobeh.
 12749 | D:14     | Reached ****** piety under Okawaru
 12749 | D:14     | Received a gift from Okawaru
 12749 | D:14     | Reached skill level 10 in Maces & Flails
 13001 | D:14     | Reached XP level 13. HP: 118/118 MP: 17/17
 13020 | D:14     | Found a gate to the Vaults.
 13528 | D:10     | Got a translucent hat {god gift}
 13534 | D:10     | Identified the +0 hat of Nobility {rElec Slay+2} (Okawaru
                  | gifted it to you on level 10 of the Dungeon)
 13622 | D:15     | Entered Level 15 of the Dungeon
 13966 | D:15     | Noticed Rupert
 13966 | D:15     | Paralysed by Rupert for 2 turns
 13981 | D:15     | Killed Rupert
 13981 | D:15     | Received a gift from Okawaru
 14039 | D:15     | Got a crude battleaxe {god gift}
 14573 | D:15     | Noticed a dire elephant
 14590 | D:15     | Killed a dire elephant
 14596 | D:15     | Received a gift from Okawaru
 14739 | D:15     | Found a staircase to the Depths.
 14944 | Lair:1   | Entered Level 1 of the Lair of Beasts
 14990 | Lair:1   | Noticed Gastronok
 15002 | Lair:1   | Killed Gastronok
 15002 | Lair:1   | Reached skill level 13 in Fighting
 15745 | Lair:2   | Reached XP level 14. HP: 117/129 MP: 19/19
 16396 | Lair:3   | Found a staircase to the Snake Pit.
 16489 | Lair:3   | Noticed Archangeltyr's ghost (journeyman DrFi)
 16535 | Lair:3   | Found a runed translucent gate.
 16536 | Lair:3   | Found a runed translucent gate.
 16539 | Lair:3   | Found a runed translucent gate.
 16566 | Lair:3   | Killed Archangeltyr's ghost
 16796 | Lair:3   | Got a pitted scimitar
 16807 | Lair:3   | Lost intelligence.
 16807 | Lair:3   | Identified the +3 scimitar of Coew {pain, rElec Int-5 SInv}
                  | (You found it on level 3 of the Lair of Beasts)
 16827 | Lair:3   | Received a gift from Okawaru
 17248 | Lair:4   | Noticed Kirke
 17527 | Lair:4   | Found a staircase to the Swamp.
 18080 | Lair:4   | Noticed a sphinx
 18080 | Lair:4   | Killed Kirke
 18488 | Lair:5   | Received a gift from Okawaru
 18547 | Lair:5   | Found a runed translucent gate.
 18548 | Lair:5   | Found a runed translucent gate.
 18549 | Lair:5   | Found a runed translucent gate.
 18550 | Lair:5   | Noticed feelmyfire's ghost (journeyman MfGl)
 18552 | Lair:5   | Found a viscous altar of Jiyva.
 18600 | Lair:5   | Reached skill level 14 in Fighting
 18842 | Lair:5   | Found a frozen archway.
 18862 | IceCv    | Entered an ice cave
 19146 | IceCv    | Got an ichor-stained glaive
 19151 | IceCv    | Got warped ice dragon scales
 19214 | Lair:5   | Found a staircase to the Slime Pits.
 19488 | Lair:5   | Killed feelmyfire's ghost
 19771 | Lair:6   | Entered Level 6 of the Lair of Beasts
 19786 | Lair:6   | Found a dark tunnel.
 19794 | Lair:6   | Received a gift from Okawaru
 19831 | Volcano  | Entered a volcano
 20153 | Volcano  | Found a bloodstained altar of Trog.
 20161 | Volcano  | Reached XP level 15. HP: 132/137 MP: 20/20
 20686 | Lair:6   | Noticed Hiezim's ghost (journeyman DECj)
 20687 | Lair:6   | Found a runed translucent gate.
 20688 | Lair:6   | Found a runed translucent gate.
 20707 | Lair:6   | Found a runed translucent gate.
 20747 | Lair:6   | Reached skill level 10 in Dodging
 20766 | Lair:6   | Killed Hiezim's ghost
 20766 | Lair:6   | Received a gift from Okawaru
 20772 | Lair:6   | Got a pair of shimmering boots {god gift}
 20797 | Lair:6   | Identified the +0 pair of boots of Trumpets {Dex+2}
                  | (Okawaru gifted it to you on level 6 of the Lair of Beasts)
 21973 | Orc:1    | Entered Level 1 of the Orcish Mines
 22225 | Orc:2    | Entered Level 2 of the Orcish Mines
 22398 | Orc:1    | Found a roughly hewn altar of Beogh.
 22761 | Orc:2    | Found a staircase to the Elven Halls.
 23080 | Orc:2    | Reached skill level 15 in Fighting
 23211 | Orc:2    | Found Iruwaf's General Store.
 23212 | Orc:2    | Found Galesuss's Armour Shop.
 23217 | Orc:2    | Found Jeol's Weapon Shoppe.
 23222 | Orc:2    | Found Poseagg's General Store.
 23241 | Orc:2    | Bought a scroll of blinking for 120 gold pieces
 23241 | Orc:2    | Bought a scroll of blinking for 120 gold pieces
 23299 | Orc:2    | Bought a potion of heal wounds for 70 gold pieces
 23299 | Orc:2    | Bought a scroll of holy word for 105 gold pieces
 23299 | Orc:2    | Bought a throwing net for 42 gold pieces
 23704 | Swamp:1  | Entered Level 1 of the Swamp
 23717 | Swamp:1  | Reached skill level 15 in Shields
 23881 | Swamp:1  | Received a gift from Okawaru
 24239 | Swamp:1  | Reached XP level 16. HP: 127/148 MP: 21/21
 24391 | Swamp:2  | Noticed a thorn hunter
 24393 | Swamp:2  | Found a large runed translucent door.
 24393 | Swamp:2  | Found a large runed translucent door.
 24395 | Swamp:2  | Noticed swinepaste's ghost (journeyman DsMo)
 24403 | Swamp:2  | Killed a thorn hunter
 24403 | Swamp:2  | Reached skill level 1 in Evocations
 24463 | Swamp:2  | Noticed Nikola
 24478 | Swamp:2  | Killed Nikola
 24478 | Swamp:2  | Received a gift from Okawaru
 25339 | Swamp:2  | Killed swinepaste's ghost
 25339 | Swamp:2  | Reached skill level 15 in Armour
 25918 | Swamp:3  | Received a gift from Okawaru
 25950 | Swamp:3  | Got a translucent cloak {god gift}
 25971 | Swamp:3  | Reached skill level 16 in Fighting
 27057 | Swamp:4  | Entered Level 4 of the Swamp
 27638 | Swamp:4  | Reached skill level 5 in Evocations
 27896 | Swamp:4  | Received a gift from Okawaru
 28256 | Swamp:4  | Reached XP level 17. HP: 156/158 MP: 22/22
 28594 | Swamp:4  | Got a decaying rune of Zot
 28785 | Swamp:1  | Identified the +0 cloak of the Spider Nest {rC++ rN+++
                  | Int-3 Dex-3} (Okawaru gifted it to you on level 3 of the
                  | Swamp)
 28819 | Swamp:1  | Got a dazzling broad axe {god gift}
 28821 | Swamp:1  | Identified the +8 broad axe of Okawaru's Benevolence
                  | {freeze, rElec rN+ Dex+2 Stlth-} (Okawaru gifted it to you
                  | on level 1 of the Swamp)
 29161 | Snake:1  | Entered Level 1 of the Snake Pit
 29550 | Orc:2    | Bought a +4 plate armour of cold resistance for 700 gold
                  | pieces
 29913 | Snake:1  | Noticed Azrael
 29921 | Snake:1  | Killed Azrael
 30080 | Snake:1  | Received a gift from Okawaru
 30088 | Snake:1  | Reached skill level 17 in Fighting
 30804 | Snake:1  | Noticed Josephine
 30813 | Snake:1  | Killed Josephine
 30959 | Snake:2  | Found Orgheaj's Book Shoppe.
 30960 | Snake:2  | Found Okychy's Food Emporium.
 30960 | Snake:2  | Found Lirrican's Jewellery Shoppe.
 30968 | Snake:2  | Found Xuhimav's Antique Weapon Emporium.
 30971 | Snake:2  | Bought an uncursed ring of protection from fire for 300
                  | gold pieces
 31187 | Snake:2  | Noticed Louise
 31191 | Snake:2  | Noticed Vashnia
 31193 | Snake:2  | Cast into level 3 of the Abyss (Louise)
 31479 | Abyss:3  | Received a gift from Okawaru
 31543 | Abyss:3  | Got an abyssal rune of Zot
 31591 | Snake:2  | Escaped the Abyss
 31603 | Snake:2  | Killed Louise
 31627 | Snake:2  | Killed Vashnia
 32628 | Snake:3  | Reached XP level 18. HP: 146/169 MP: 20/23
 32864 | Snake:3  | Received a gift from Okawaru
 32994 | Snake:3  | Noticed Saint Roka
 33017 | Snake:3  | Killed Saint Roka
 33524 | Snake:4  | Entered Level 4 of the Snake Pit
 33753 | Snake:4  | Found a runed translucent door.
 33753 | Snake:4  | Noticed DavidChitty2's ghost (adept HOFi)
 33771 | Snake:4  | Killed DavidChitty2's ghost
 33856 | Snake:4  | Reached skill level 15 in Dodging
 33865 | Snake:4  | Received a gift from Okawaru
 33898 | Snake:4  | Reached skill level 18 in Fighting
 34722 | Snake:4  | Reached XP level 19. HP: 107/179 MP: 20/24
 34789 | Snake:4  | Got a serpentine rune of Zot
 34800 | Snake:4  | Received a gift from Okawaru
 35210 | Vaults:1 | Entered Level 1 of the Vaults
 35284 | Vaults:1 | Reached skill level 15 in Axes
 35757 | Vaults:1 | Noticed a Brimstone Fiend
 36499 | Vaults:2 | Received a gift from Okawaru
 36548 | Vaults:2 | Found Eptusex's Food Shoppe.
 36776 | Vaults:2 | Found a runed translucent gate.
 36776 | Vaults:2 | Found a runed translucent gate.
 36776 | Vaults:2 | Found a runed translucent gate.
 36776 | Vaults:2 | Noticed abarbat's ghost (adept MiBe)
 37106 | Vaults:2 | Reached skill level 19 in Fighting
 37106 | Vaults:2 | Reached XP level 20. HP: 191/191 MP: 25/25
 37273 | Vaults:2 | Killed abarbat's ghost
 37294 | Vaults:2 | Received a gift from Okawaru
 37331 | Vaults:2 | Identified Rijuonif's Disquisition on the Frostbite and
                  | Beguiling
 37966 | Vaults:3 | Found Ziucyoqe's General Store.
 37973 | Vaults:3 | Bought a scroll of summoning for 161 gold pieces
 37995 | Vaults:3 | Received a gift from Okawaru
 38033 | Vaults:3 | Found a staircase to the Crypt.
 38078 | Vaults:3 | Noticed Asterion
 38091 | Vaults:3 | Killed Asterion
 38483 | Vaults:3 | Found Aliuxa Waic's Food Shop.
 38533 | Vaults:3 | Reached skill level 20 in Fighting
 38638 | Vaults:3 | Found Cuotesh's Antique Weapon Shop.
 38956 | Vaults:4 | Reached XP level 21. HP: 196/201 MP: 26/26
 38978 | Vaults:4 | Noticed Margery
 38993 | Vaults:3 | Received a gift from Okawaru
 39000 | Vaults:3 | Killed Margery
 39580 | Vaults:4 | Noticed Frederick
 39583 | Vaults:4 | Noticed Xtahua
 39588 | Vaults:4 | Killed Frederick
 39601 | Vaults:4 | Killed Xtahua
 39805 | Vaults:4 | Found a snail-covered altar of Cheibriados.
 40442 | Vaults:5 | Entered Level 5 of the Vaults
 40450 | Vaults:5 | Received a gift from Okawaru
 40457 | Vaults:5 | Reached skill level 21 in Fighting
 40476 | Vaults:5 | Received a gift from Okawaru
 40504 | Vaults:5 | Noticed a golden dragon
 40521 | Vaults:5 | Killed a golden dragon
 40534 | Vaults:5 | Reached XP level 22. HP: 162/213 MP: 27/27
 40549 | Vaults:5 | Received a gift from Okawaru
 40988 | Vaults:5 | Noticed a golden dragon
 41000 | Vaults:5 | Killed a golden dragon
 41000 | Vaults:5 | Reached skill level 22 in Fighting
 41102 | Vaults:5 | Identified the cursed +1 leather armour of the Cuttlefish
                  | {rF+ Regen+ Str-3}
 41156 | Vaults:5 | Got a silver rune of Zot
 41644 | Vaults:5 | Noticed a golden dragon
 41648 | Vaults:5 | Identified the +1 hand axe of Rockilomo {chop, *Corrode
                  | Str+4 Int+4}
 41660 | Vaults:5 | Killed a golden dragon
 41673 | Vaults:5 | Received a gift from Okawaru
 42043 | Vaults:5 | Identified the amulet of Neurosis {Inacc Str+3 Dex+6} (You
                  | found it on level 5 of the Vaults)
 42444 | Vaults:5 | Identified the ring of Egoim {rN+ Int+3 Dex+5 Stlth-} (You
                  | found it on level 5 of the Vaults)
 42921 | Elf:1    | Entered Level 1 of the Elven Halls
 42963 | Elf:1    | Found Notylats's Jewellery Boutique.
 43042 | Elf:1    | Got a crude broad axe
 43043 | Elf:1    | Identified the +9 broad axe of the Pyrrhic Victory
                  | {distort, rF+} (You found it on level 1 of the Elven Halls)
 43615 | Elf:2    | Noticed Agnes
 43624 | Elf:2    | Killed Agnes
 43624 | Elf:2    | Received a gift from Okawaru
 43624 | Elf:2    | Reached XP level 23. HP: 225/225 MP: 28/28
 43662 | Elf:2    | Found a huge runed translucent gate.
 43662 | Elf:2    | Found a huge runed translucent gate.
 43662 | Elf:2    | Found a huge runed translucent gate.
 43662 | Elf:2    | Found a huge runed translucent gate.
 43662 | Elf:2    | Found a huge runed translucent gate.
 43708 | Elf:2    | Found Dulyaruiwk's Jewellery Shoppe.
 43708 | Elf:2    | Found Nulucey's Gadget Shop.
 43709 | Elf:2    | Found Diuvuz's Gadget Shop.
 43800 | Elf:2    | Identified the cursed +1 rapier of the Mushroom {drain,
                  | *Contam Dex+4 SInv}
 43800 | Elf:2    | Identified the +7 rapier of Veokhlux {antimagic, rPois rF-
                  | Str+4 Dex+2}
 43800 | Elf:2    | Noticed Mayja's ghost (veteran DDBe)
 43801 | Elf:2    | Identified the +3 longbow of the Heart {freeze, rF+ Int+4}
 43805 | Elf:2    | Found a transporter.
 43825 | Elf:2    | Identified the +8 rapier of Fedhas's Indignation {holy,
                  | +Blink rF+ Str-4}
 43825 | Elf:2    | Identified the +9 quick blade of a treasure trove
                  | {antimagic, rF++ Str+4 Stlth-}
 43857 | Elf:2    | Found a transporter.
 43870 | Elf:2    | Found a bloodstained altar of Trog.
 43968 | Elf:2    | Killed Mayja's ghost
 44016 | Elf:2    | Found a magical portal.
 44021 | WizLab   | Entered Lehudib's Moon Base
 44075 | WizLab   | Found a transporter.
 44353 | WizLab   | Reached skill level 23 in Fighting
 44445 | WizLab   | Lost intelligence.
 44445 | WizLab   | Gained mutation: You are dopey. (Int -2) [a cacodemon]
 44622 | WizLab   | Gained mutation: You are very dopey. (Int -4) [a neqoxec]
 44689 | WizLab   | Got a scorched pewter ring
 44691 | WizLab   | Identified the ring "Amappad" {+Blink rF+ Dex-2 Slay+2}
                  | (You found it in a wizard's laboratory)
 44826 | WizLab   | Gained mutation: Scrolls take you a little longer to read.
                  | [a neqoxec]
 44909 | WizLab   | Found a transporter.
 45128 | WizLab   | Lost mutation: Scrolls take you a little longer to read.
                  | [potion of mutation]
 45128 | WizLab   | Lost mutation: You are very dopey. (Int -4) [potion of
                  | mutation]
 45128 | WizLab   | Gained mutation: You are robust. (+10% HP) [potion of
                  | mutation]
 45128 | WizLab   | Gained mutation: You have supernaturally acute eyesight.
                  | (SInv) [potion of mutation]
 45129 | WizLab   | Lost mutation: You are dopey. (Int -2) [potion of mutation]
 45129 | WizLab   | Lost mutation: You are robust. (+10% HP) [potion of
                  | mutation]
 45129 | WizLab   | Lost mutation: You have supernaturally acute eyesight.
                  | (SInv) [potion of mutation]
 45129 | WizLab   | Gained mutation: Scrolls take you a little longer to read.
                  | [potion of mutation]
 45129 | WizLab   | Gained mutation: You are partially covered in icy blue
                  | scales. (AC +2) [potion of mutation]
 45129 | WizLab   | Gained mutation: Your muscles are strong. (Str +2) [potion
                  | of mutation]
 45217 | WizLab   | Received a gift from Okawaru
 45272 | WizLab   | Identified the Collected Works on the Escort
 45287 | WizLab   | Identified the ring "Jebejim" {rPois MR+ SInv} (You found
                  | it in a wizard's laboratory)
 45841 | Elf:3    | Entered Level 3 of the Elven Halls
 45880 | Elf:3    | Identified a scroll of acquirement
 45924 | Elf:3    | Got a warped silver ring
 45926 | Elf:3    | Identified the ring "Xehiyk" {rC+ Str+6 Stlth+} (You found
                  | it on level 3 of the Elven Halls)
 46682 | Elf:3    | Reached XP level 24. HP: 75/237 MP: 22/28
 47104 | Elf:3    | Cast into level 2 of the Abyss (a deep elf sorcerer)
 47104 | Abyss:2  | Found a corrupted altar of Lugonu.
 47119 | Elf:3    | Escaped the Abyss
 47133 | Elf:3    | Received a gift from Okawaru
 47134 | Elf:3    | Found the +10 morningstar "Eos" {elec, Halo rElec}
 47712 | Elf:3    | Reached skill level 24 in Fighting
 47726 | Elf:3    | Identified the ring "Atret" {rF+ Dex+4}
 47761 | Elf:3    | Identified the Collected Works on Contamination and
                  | Translocation
 47767 | Elf:3    | Identified the amulet of Sedur {Harm -Tele *Drain rN+
                  | Int+7}
 47787 | Elf:3    | Got a twitching wooden ring
 47800 | Elf:3    | Identified the ring "Luwe" {Ice +Inv Dex+4} (You found it
                  | on level 3 of the Elven Halls)
 47945 | Elf:3    | Found the +7 longbow "Piercer" {penet, EV-2}
 48654 | Slime:1  | Entered Level 1 of the Pits of Slime
 48656 | Slime:1  | Lost mutation: Your muscles are strong. (Str +2) [a shining
                  | eye]
 48660 | Slime:1  | Gained mutation: You are dopey. (Int -2) [a shining eye]
 48661 | Slime:1  | Gained mutation: You occasionally shout uncontrollably at
                  | your foes. [a shining eye]
 48663 | Slime:1  | Gained mutation: You are frail. (-10% HP) [a shining eye]
 48678 | Slime:1  | Mangled by an enormous slime creature

Skill      XL: |  1  2  3  4  5  6  7  8  9 10 11 12 13 14 15 16 17 18 19 20 21 22 23 24 |
---------------+-------------------------------------------------------------------------+-----
Fighting       | 4 5 6 7 9 10 11 12 13 14 15 16 17 18 19 20 21 22 23 24 | 24.1
Axes           | 3 4 5 6 7 9 10 12 14 16 | 16.5
Shields        | 4 5 6 7 9 10 11 12 13 14 15 17 19 20 21 22 | 22.2
Armour         | 5 7 8 10 11 12 13 14 15 16 17 18 19 20 21 | 21.5
Maces & Flails | 3 5 8 10 12 | 12.6
Dodging        | 2 3 5 6 9 12 13 14 15 16 17 18 19 | 19.4
Invocations    | 2 4 7 8 9 |  9.0
Evocations     | 5 7 8 |  8.0

Action                   |  1- 3 |  4- 6 |  7- 9 | 10-12 | 13-15 | 16-18 | 19-21 | 22-24 || total
-------------------------+-------+-------+-------+-------+-------+-------+-------+-------++-------
Melee: War axe           |    95 |   138 |   248 |       |       |       |       |       ||   481
       Headbutt          |    17 |    19 |    61 |   145 |   334 |   359 |   337 |   331 ||  1603
       Mace              |       |       |    59 |   537 |  1017 |   599 |       |       ||  2212
       Unarmed           |       |       |       |       |    18 |       |       |       ||    18
       Broad axe         |       |       |       |       |       |   583 |  1004 |   966 ||  2553
Throw: Stone             |       |    11 |     4 |       |       |       |       |       ||    15
       Javelin           |       |       |     1 |     4 |       |     3 |       |       ||     8
Invok: Heroism           |       |       |       |     3 |     3 |    16 |     4 |     4 ||    30
       Finesse           |       |       |       |     2 |     3 |    11 |     4 |     5 ||    25
Evoke: Wand              |       |       |       |     7 |     4 |       |     3 |     1 ||    15
  Use: Scroll            |       |     9 |     5 |    10 |    10 |     7 |     2 |     9 ||    52
       Potion            |       |       |       |       |     2 |     1 |     4 |     5 ||    12
 Stab: Confused          |       |       |       |     1 |       |     2 |       |       ||     3
       Distracted        |       |       |       |       |       |       |       |     1 ||     1
  Eat: Chunk             |       |     7 |    13 |    21 |    32 |    17 |    18 |    17 ||   125
       Ration            |       |       |       |       |     1 |     6 |       |     3 ||    10
Armor: Scale mail        |    48 |    39 |       |       |       |       |       |       ||    87
       Chain mail        |       |     1 |    91 |       |       |       |       |       ||    92
       Plate armour      |       |       |    45 |   181 |   330 |   388 |   121 |   128 ||  1193
Dodge: Dodged            |    39 |    32 |    73 |   110 |   309 |   497 |   220 |   218 ||  1498
Block: Shield            |    60 |    92 |   179 |   455 |   826 |  1186 |    12 |       ||  2810
       Reflection        |       |       |       |    24 |    22 |    83 |   123 |    85 ||   337
       Other             |       |       |       |       |     2 |       |       |       ||     2
       Large shield      |       |       |       |       |       |       |   883 |   773 ||  1656
